 Dungeon Crawl Stone Soup version 0.27-a0-797-g27d10ad80f (webtiles) character file.

Game seed: 10069727225624966849

201 polve the Slasher (level 5, -4/41 HPs)
             Began as a Demonspawn Abyssal Knight on Mar 27, 2021.
             Was a Priest of Lugonu.
             Slain by an ogre
             ... wielding a +0 giant club
              (17 damage)
             ... on level 4 of the Dungeon.
             The game lasted 00:03:55 (4307 turns).

polve the Slasher (Demonspawn Abyssal Knight)       Turns: 4307, Time: 00:03:56

Health: -4/41      AC:  9    Str: 12    XL:     5   Next: 50%
Magic:  6/6        EV:  8    Int: 15    God:    Lugonu [***...]
Gold:   181        SH:  4    Dex: 12    Spells: 4/4 levels left

rFire    . . .     SeeInvis .   h - +0 scimitar (drain)
rCold    . . .     Faith    .   (no shield)
rNeg     . . .     Spirit   .   i - +0 scale mail
rPois    .         Reflect  .   (helmet restricted)
rElec    .         Harm     .   j - +0 cloak
rCorr    .         Rampage  .   (no gloves)
Will     .....                  (no boots)
Stlth    ..........             (no amulet)
HPRegen  0.13/turn              (no ring)
MPRegen  0.10/turn              (no ring)

@: no status effects
A: antennae 1, molten scales 1, condensation shield
a: Renounce Religion, Depart the Abyss, Bend Space, Banish


You were on level 4 of the Dungeon.
You worshipped Lugonu.
Lugonu was most pleased with you.
You visited 1 branch of the dungeon, and saw 4 of its levels.
You visited the Abyss 1 time.
You also visited: Sewer.

You collected 181 gold pieces.

Inventory:

Hand Weapons
 h - a +0 scimitar of draining (weapon)
Armour
 i - a +0 scale mail (worn)
 j - a +0 cloak (worn)
Scrolls
 a - a scroll of teleportation {unknown}
 c - a scroll of amnesia
 d - a scroll of magic mapping
 f - 2 scrolls of fear
 k - 2 scrolls of blinking
Potions
 b - a potion of resistance {unknown}


   Skills:
 - Level 3.0 Fighting
 + Level 5.3 Long Blades
 - Level 1.7 Armour
 - Level 0.8 Dodging
 - Level 2.4 Invocations


You had 4 spell levels left.
You didn't know any spells.
Your spell library contained the following spells:

 Spells                   Type           Power      Damage    Failure   Level
 Animate Skeleton         Necr           0%         N/A       80%         1
 Apportation              Tloc           0%         N/A       80%         1
 Corona                   Hex            0%         N/A       80%         1
 Summon Small Mammal      Summ           0%         N/A       80%         1
 Ensorcelled Hibernation  Hex/Ice        0%         N/A       91%         2
 Animate Armour           Summ/Erth      0%         N/A       100%        4
 Borgnjor's Vile Clutch   Necr/Erth      0%         N/A       100%        5
 Silence                  Hex/Air        0%         N/A       100%        5
 Shadow Creatures         Summ           N/A        N/A       100%        6


Dungeon Overview and Level Annotations

Branches:
Dungeon (4/15)              Sewer (visited)
 Temple: D:4-7

Altars:


Innate Abilities, Weirdness & Mutations

You have a pair of small antennae on your head.
You are partially covered in molten scales. (AC +2)
A meltable shield of frost defends you. (SH +4)


Message History

No target in view!
No target in view!
Items here: ††††.
Found 18 stones.
An ogre comes into view. It is wielding a +0 giant club.
The ogre shouts!
An ogre is nearby!
The ogre completely misses you.
You closely miss the ogre. The ogre hits you with a +0 giant club.
You barely miss the ogre. The ogre hits you with a +0 giant club!
You are too injured to fight recklessly!
You are too injured to fight recklessly!
You are too injured to fight recklessly!
You are too injured to fight recklessly!
You are too injured to fight recklessly!
You are too injured to fight recklessly!
You are too injured to fight recklessly!
You are too injured to fight recklessly!
You are too injured to fight recklessly!
You are too injured to fight recklessly!
You are too injured to fight recklessly!
You are too injured to fight recklessly!
You are too injured to fight recklessly!
You closely miss the ogre. The ogre barely misses you.
You hit the ogre.
The ogre is lightly wounded.
The ogre closely misses you. The ogre hits you with a +0 giant club!
You hit the ogre but do no damage. You drain the ogre.
The ogre is moderately wounded.
You block the ogre's attack.
You barely miss the ogre.
The ogre is moderately wounded.
You block the ogre's attack.
You barely miss the ogre.
The ogre is moderately wounded.
The ogre misses you.
You slash the ogre!
The ogre is heavily wounded.
The ogre hits you with a +0 giant club!
You die...

####### #.....#
#.....# #.....#
#.....###+######.#
+..?...##.#<...#.#
###......##.#.##.#.#.#
#.....@O.##'#....#.#.#
#.....##.#....####.#(#
#.....# #.......#.#.#
#.....# #...###.#.#.#
#.....# #...#.....#.#
#.....# #...#.#.###.#
#(....# .....#.#.....#
#.....########
#....### #............
#.....(.


You could see an ogre (drained).

Vanquished Creatures
  A bullfrog (Sewer)
  4 adders
  A white imp (D:3)
  A worm (D:2)
  2 dart slugs (D:1)
  15 ball pythons
  An endoplasm (D:3)
  5 giant cockroaches
  5 goblins
  8 hobgoblins
  16 jackals
  3 quokkas
  4 bats
  14 frilled lizards
  4 kobolds
  6 rats
90 creatures vanquished.

Notes
Turn   | Place    | Note
-------+----------+-------------------------------------------
     0 | Abyss:1  | polve the Demonspawn Abyssal Knight began the quest for the
                  | Orb.
     0 | Abyss:1  | Reached XP level 1. HP: 18/18 MP: 2/2
    20 | Abyss:1  | Found a corrupted altar of Lugonu.
    27 | Abyss:1  | Found a corrupted altar of Lugonu.
    83 | Abyss:1  | Found a corrupted altar of Lugonu.
   188 | Abyss:1  | Noticed a raiju
   189 | D:1      | Escaped the Abyss
   218 | D:1      | Reached skill level 2 in Long Blades
   397 | D:1      | Reached * piety under Lugonu
   577 | D:1      | Gained mutation: You are partially covered in molten
                  | scales. (AC +2) [demonic ancestry]
   577 | D:1      | Reached XP level 2. HP: 15/24 MP: 3/3
   821 | D:1      | Reached skill level 3 in Long Blades
  1070 | D:1      | Gained mutation: You have a pair of small antennae on your
                  | head. [demonic ancestry]
  1070 | D:1      | Reached XP level 3. HP: 29/29 MP: 4/4
  1958 | D:2      | Reached skill level 4 in Long Blades
  1958 | D:2      | Reached XP level 4. HP: 24/35 MP: 5/5
  2508 | D:3      | Reached ** piety under Lugonu
  2633 | D:3      | Found a glowing drain.
  2642 | Sewer    | Entered a sewer
  2960 | Sewer    | Noticed a bullfrog
  2968 | Sewer    | Killed a bullfrog
  2969 | Sewer    | Reached skill level 5 in Long Blades
  2969 | Sewer    | Gained mutation: A meltable shield of frost defends you.
                  | (SH +4) [demonic ancestry]
  2969 | Sewer    | Reached XP level 5. HP: 26/41 MP: 6/6
  4270 | D:4      | Reached *** piety under Lugonu
  4298 | D:4      | Noticed an ogre
  4307 | D:4      | Slain by an ogre

Illustrated notes

Levels and vault maps discovered:
D:1:      minmay_arrival_semitransparent, layout_loops_ring, st_stairs_8
D:2:      layout_basic
D:3:      layout_basic, cheibrodos_sewer_entry_drain
D:4:      layout_basic, general_overflow_altar, minmay_misc_feat_more_columns

Skill      XL: |  1  2  3  4 |
---------------+-------------+-----
Long Blades    | 2 3 4 5 |  5.3
Fighting       | |  3.0
Armour         | |  1.7
Dodging        | |  0.8
Invocations    | |  2.4

Action                   |  1- 3 |  4- 6 || total
-------------------------+-------+-------++-------
Melee: Falchion          |   121 |     9 ||   130
       Scimitar          |       |   126 ||   126
Invok: Depart the Abyss  |     1 |       ||     1
  Use: Potion            |     1 |       ||     1
       Scroll            |       |     6 ||     6
Armor: Leather armour    |    24 |       ||    24
       Scale mail        |    19 |    79 ||    98
Dodge: Dodged            |    78 |    65 ||   143
Block: Other             |       |    12 ||    12
       Rpst.: Falchion   |    28 |     3 ||    31
       Scimitar          |       |    16 ||    16

Table legend: (Time is in decaauts)
 A = Elapsed time spent in this place.
 B = Non-inter-level travel time spent in this place.
 C = Inter-level travel time spent in this place.
 D = Time resting spent in this place.
 E = Time spent auto-exploring this place.
 F = Levels seen in this place.
 G = Mean time per level.
                   A        B        C        D        E       F      G
               +--------+--------+--------+--------+--------+-----+--------+
         Total |   4457 |   4304 |    153 |      1 |   3649 |   6 |  742.8 |
       Dungeon |   3516 |   3363 |    153 |      1 |   2885 |   4 |  879.0 |
         Abyss |    189 |    189 |      0 |      0 |    186 |   1 |  189.0 |
         Sewer |    752 |    752 |      0 |      0 |    577 |   1 |  752.0 |
               +--------+--------+--------+--------+--------+-----+--------+

Top non-repeatable levels by time:
     D:1: 1221 daAuts
     D:2: 1105 daAuts
     D:3: 1093 daAuts
   Sewer: 752 daAuts
 Abyss:1: 189 daAuts
     D:4: 95 daAuts
